 Dungeon Crawl Stone Soup version 0.18-b1-16-g289874d (webtiles) character file.

53 MrDamage the Covered (level 3, 0/34 HPs)
             Began as a Deep Dwarf Fighter on May 1, 2016.
             Slain by a gnoll
             ... wielding a +2 flail of protection
              (1 damage)
             ... on level 2 of the Dungeon.
             The game lasted 00:07:20 (1194 turns).

MrDamage the Covered (Deep Dwarf Fighter)           Turns: 1194, Time: 00:07:20

Health: 0/34       AC:  7    Str: 20    XL:     3   Next: 64%
Magic:  3/3        EV:  8    Int:  8    God:
Gold:   44         SH:  9    Dex: 12    Spells: 0 memorised, 2 levels left

rFire  . . .     SeeInvis .     a - +0 war axe
rCold  . . .     Gourm    .     b - +0 scale mail
rNeg   . . .     Faith    .     c - +0 shield
rPois  +         Spirit   .     (no helmet)
rElec  .         Dismiss  .     (no cloak)
rCorr  .         Reflect  .     (no gloves)
SustAt .         Harm     .     (no boots)
MR     .....                    (no amulet)
Stlth  ..........               (no ring)
                                p - ring of poison resistance

@: non-regenerating, not resistant to hostile enchantments, extremely unstealthy
A: damage resistance, recharge devices, sense surroundings 1, slow regeneration
3
a: Device Recharging


You were on level 2 of the Dungeon.
You were not hungry.

You visited 1 branch of the dungeon, and saw 2 of its levels.

You collected 44 gold pieces.

Inventory:

Hand Weapons
 a - a +0 war axe (weapon)
 g - a +0 short sword
 o - a +0 dagger
 q - a +0 whip
Missiles
 i - 6 stones (quivered)
Armour
 b - a +0 scale mail (worn)
 c - a +0 shield (worn)
 m - a +0 ring mail
Jewellery
 p - a ring of poison resistance (left hand)
Wands
 e - a wand of heal wounds (5/9)
Scrolls
 j - 3 scrolls of identify {unknown}
 l - a scroll of remove curse {unknown}
 n - a scroll of amnesia {unknown}
Potions
 d - a potion of might
 k - a potion of curing
Comestibles
 f - 3 bread rations
 h - a meat ration


   Skills:
 + Level 3.1 Fighting
 + Level 2.7 Axes
 + Level 3.7 Armour
 + Level 1.3 Dodging
 + Level 3.5 Shields


You had 2 spell levels left.
You didn't know any spells.

Dungeon Overview and Level Annotations

Branches:
Dungeon (2/15)

Altars:


Innate Abilities, Weirdness & Mutations

You are resistant to damage.
You can recharge devices by infusing magical energy.
You passively map a small area around you.
You do not regenerate naturally.


Message History

The gnoll is heavily wounded.
You hit the gnoll but do no damage. x2; You block the gnoll's attack.
The gnoll hits you with a flail of protection!
The gnoll hits you with a club.
* * * LOW HITPOINT WARNING * * *
You block the gnoll's attack. The gnoll barely misses you.
The gnoll hits you with a club.
* * * LOW HITPOINT WARNING * * *
The gnoll closely misses you.
You hit the gnoll but do no damage.
The gnoll is heavily wounded.
You block the gnoll's attack.
You barely miss the gnoll. The gnoll barely misses you.
You closely miss the gnoll. You block the gnoll's attack.
The gnoll hits you with a club.
* * * LOW HITPOINT WARNING * * *
You hit the gnoll but do no damage. You closely miss the gnoll.
You block the gnoll's attack. The gnoll hits you with a club.
The gnoll hits you with a flail of protection.
You die...

.....#....# , *
.....#.####.#..#.. .... ,
###.##.# #.#..#......,*
.#* ##.# #.#..#..... ,
.#* #.# #.#....#..,,
.#*#.#.# #.#....#.# , ,
.#...#)# #.#......#* , ,
...###.####.#......#* ,
.#...........#.g@#.# , ,
........###....gg#.#* , *
........###'####g..##...
........#...............
, ,
........#....g.##.......,
........#(.....# .......
,
........'<..............
.......##............#.#
.. #............#.# *


You could see 4 gnolls.

Vanquished Creatures
  Ijyb (D:2)
  A dart slug (D:1)
  3 giant geckos (D:2)
  A bat (D:2)
  3 giant cockroaches
  4 goblins
  2 hobgoblins (D:1)
  A kobold (D:2)
  2 giant newts
  5 rats
23 creatures vanquished.

Notes
Turn   | Place    | Note
--------------------------------------------------------------
     0 | D:1      | MrDamage the Deep Dwarf Fighter began the quest for the Orb.
     0 | D:1      | Reached XP level 1. HP: 20/20 MP: 1/1
   239 | D:1      | Reached XP level 2. HP: 25/27 MP: 2/2
   927 | D:2      | Noticed Ijyb
   943 | D:2      | Killed Ijyb
   943 | D:2      | Reached skill level 1 in Dodging
   943 | D:2      | Reached XP level 3. HP: 29/34 MP: 3/3
  1193 | D:2      | HP: 1/34 [gnoll/club (4)]
  1194 | D:2      | Slain by a gnoll

Skill      XL: |  1  2 |
---------------+-------+-----
Fighting       | 3 |  3.1
Dodging        | 1 |  1.3
Axes           | |  2.7
Armour         | |  3.7
Shields        | |  3.5

Action                   || total
-------------------------++-------
Melee: War axe           ||    78
  Eat: Beef jerky        ||     1
Armor: Scale mail        ||    51
Dodge: Dodged            ||    32
Block: Shield            ||    48
